 Dungeon Sprint DCSS version 0.27-a0-1434-g6f15984924 (webtiles) character file.

Game seed: 14580440574360835509

2997 mhtbhm the Severer (level 9, -4/97 HPs)
             Began as a Minotaur Berserker on July 4, 2021.
             Was an Elder of Trog.
             Succumbed to Sonja's poison
             ... in the Dungeon (Sprint I: "Red Sonja").
             The game lasted 00:01:50 (1100 turns).

mhtbhm the Severer (Minotaur Berserker)             Turns: 1100, Time: 00:01:51

Health: -4/97      AC: 10    Str: 25    XL:     9   Next: 54%
Magic:  8/8        EV: 13    Int:  4    God:    Trog [****..]
Gold:   525        SH:  0    Dex: 10    Spells: 8/8 levels left

rFire    . . .     SeeInvis .   a - +0 hand axe
rCold    . . .     Faith    .   (no shield)
rNeg     . . .     Spirit   .   b - +0 scale mail
rPois    .         Reflect  .   (helmet restricted)
rElec    .         Harm     .   d - +0 cloak
rCorr    .         Rampage  .   (no gloves)
Will     .....     NoTele   +   (no boots)
Stlth    ..........             (no amulet)
HPRegen  0.26/turn              (no ring)
MPRegen  0.11/turn              (no ring)

@: lethally poisoned (-4 -> -70), on berserk cooldown, slowed, very slow
A: horns 2, retaliatory headbutt
a: Renounce Religion, Berserk, Trog's Hand, Brothers in Arms


You were in the Dungeon.
You worshipped Trog.
Trog was greatly pleased with you.
You visited 1 branch You collected 525 gold pieces.

Inventory:

Hand Weapons
 a - a +0 hand axe (weapon)
Armour
 b - a +0 scale mail (worn)
 d - a +0 cloak (worn)
Wands
 c - a wand of iceblast (5)
Scrolls
 e - a scroll of identify {unknown}
 h - a scroll of blinking
 i - a scroll of fear {unknown}
Potions
 f - 2 potions of magic
 g - a potion of berserk rage


   Skills:
 + Level 15.3 Fighting
 + Level 16.1 Axes
 + Level 10.0 Armour
 + Level 8.8 Dodging


You had 8 spell levels left.
You didn't know any spells.
Your spell library was empty.

Dungeon Overview and Level Annotations

Branches:
Dungeon (1/1)

Altars:
Cheibriados
Dithmenos
Elyvilon
Fedhas
Gozag
Hepliaklqana
Kikubaaqudgha
Makhleb
Nemelex Xobeh
Okawaru
Qazlal
Ru
Sif Muna
Trog
Uskayaw
Vehumet
Wu Jian
Xom
Yredelemnul
Zin
The Shining One
Jiyva
Lugonu

Shops:
D =[

Annotations:
D Sonja


Innate Abilities, Weirdness & Mutations

You have a pair of horns on your head.
You reflexively headbutt those who attack you in melee.


Message History

You have difficulty breathing.
You feel yourself slow down.
You see here 27 gold pieces.
You feel extremely sick.
Sonja zaps a wand.
The puff of flame hits you!
There is an open door, spattered with blood here.
You feel your anger nearly subside.
You are no longer berserk.
You are exhausted.
You feel as though you will be slow longer.
You feel extremely sick.
Sonja zaps a wand.
The puff of flame misses you.
You hit Sonja.
Sonja is heavily wounded.
You feel very sick. Sonja barely misses you.
Sonja hits you with a +2 short sword of venom.
You are more poisoned.
Sonja hits you but does no damage.
Sonja zaps a wand.
The puff of flame hits you.
Unknown command.
Okay, then.
Your ogre goes berserk!
You feel extremely sick.
Sonja hits you with a +2 short sword of venom.
* * * LOW HITPOINT WARNING * * *
You are lethally poisoned!
Sonja hits you with a +2 short sword of venom.
* * * LOW HITPOINT WARNING * * *
You are more poisoned.
Sonja closely misses you.
Sonja shouts, "Too slow!"
Sonja hits you with a +2 short sword of venom.
* * * LOW HITPOINT WARNING * * *
You are more poisoned.
Sonja closely misses you.
Sonja hits you with a +2 short sword of venom.
* * * LOW HITPOINT WARNING * * *
You are more poisoned.
Unknown command.
Unknown command.
You die...

#..#####'#####'#__####...+
#..####..#...#[####.§#####
#..#__####..##.#§§§§)#
#..#_____##'#_.§§§§§.+
#⌠⌠#_.∩...'..._#§≈§.§#
####_..__##_.#'##'####
#_____###+#.#())[###
#########.####[###.##
+$.$@.K...'.∩#
#$.O########## ##.## #+


You could see Sonja (ally target) and a friendly ogre (summoned, berserk).

Vanquished Creatures
  2 centaur warriors (D)
  A deep troll (D)
  2 kobold demonologists (D)
  A slime creature (D)
  Sigmund (D)
  A yak (D)
  A floating eye (D)
  An ogre (D)
  A jelly (D)
  Ijyb (D)
12 creatures vanquished.

Notes
Turn   | Place    | Note
-------+----------+-------------------------------------------
     0 | D        | mhtbhm the Minotaur Berserker began the quest for the Orb.
     0 | D        | Reached XP level 1. HP: 19/19 MP: 0/0
     1 | D        | Noticed Ijyb
     6 | D        | Killed Ijyb
     7 | D        | Reached skill level 5 in Fighting
     7 | D        | Reached skill level 5 in Axes
     7 | D        | Reached XP level 2. HP: 29/29 MP: 1/1
   164 | D        | Noticed an ogre
   167 | D        | Killed an ogre
   168 | D        | Reached skill level 7 in Axes
   168 | D        | Reached XP level 3. HP: 40/40 MP: 2/2
   168 | D        | Reached XP level 4. HP: 48/48 MP: 3/3
   280 | D        | Noticed Sigmund
   289 | D        | Killed Sigmund
   289 | D        | Reached ** piety under Trog
   290 | D        | Reached skill level 10 in Axes
   290 | D        | Reached skill level 5 in Armour
   290 | D        | Reached XP level 5. HP: 58/58 MP: 4/4
   290 | D        | Reached XP level 6. HP: 66/66 MP: 5/5
   333 | D        | Found an ornate altar of the Wu Jian Council.
   333 | D        | Found a shimmering blue altar of Sif Muna.
   335 | D        | Found a radiant altar of Vehumet.
   341 | D        | Reached skill level 10 in Fighting
   347 | D        | Found a burning altar of Makhleb.
   347 | D        | Found a viscous altar of Jiyva.
   347 | D        | Found a shimmering altar of Xom.
   347 | D        | Found a corrupted altar of Lugonu.
   347 | D        | Noticed a slime creature
   354 | D        | Killed a slime creature
   355 | D        | Reached skill level 11 in Axes
   355 | D        | Reached skill level 5 in Dodging
   459 | D        | Found Juquol's Jewellery Emporium.
   459 | D        | Found an ancient bone altar of Kikubaaqudgha.
   459 | D        | Found a hazy altar of Hepliaklqana.
   459 | D        | Found a stormy altar of Qazlal.
   459 | D        | Found a hide-covered altar of Uskayaw.
   459 | D        | Found a blossoming altar of Fedhas.
   459 | D        | Found a bloodstained altar of Trog.
   459 | D        | Found an iron altar of Okawaru.
   459 | D        | Found a basalt altar of Yredelemnul.
   459 | D        | Found a glowing golden altar of the Shining One.
   459 | D        | Found a snail-covered altar of Cheibriados.
   459 | D        | Found a sacrificial altar of Ru.
   459 | D        | Found a glowing silver altar of Zin.
   459 | D        | Found a shadowy altar of Dithmenos.
   459 | D        | Found a white marble altar of Elyvilon.
   459 | D        | Noticed a yak
   466 | D        | Killed a yak
   466 | D        | Reached *** piety under Trog
   467 | D        | Reached skill level 12 in Axes
   467 | D        | Reached XP level 7. HP: 62/75 MP: 6/6
   467 | D        | Found an opulent altar of Gozag.
   523 | D        | Found a sparkling altar of Nemelex Xobeh.
   547 | D        | Noticed a kobold demonologist
   547 | D        | Noticed a kobold demonologist
   554 | D        | Killed a kobold demonologist
   555 | D        | Reached skill level 13 in Axes
   555 | D        | Noticed an orange demon
   559 | D        | Killed a kobold demonologist
   559 | D        | Reached **** piety under Trog
   560 | D        | Reached XP level 8. HP: 86/86 MP: 7/7
   632 | D        | Noticed a centaur warrior
   632 | D        | Noticed a centaur warrior
   646 | D        | Killed a centaur warrior
   647 | D        | Reached skill level 14 in Axes
   648 | D        | Killed a centaur warrior
   649 | D        | Reached skill level 15 in Axes
   649 | D        | Reached XP level 9. HP: 11/96 MP: 8/8
   985 | D        | Noticed a deep troll
   994 | D        | Killed a deep troll
   995 | D        | Reached skill level 15 in Fighting
   995 | D        | Reached skill level 16 in Axes
   995 | D        | Reached skill level 10 in Armour
  1029 | D        | Found Keifunuq's Armour Emporium.
  1089 | D        | Noticed Sonja
  1100 | D        | Succumbed to Sonja's poison

Illustrated notes

Levels and vault maps discovered:
D:        dungeon_sprint_1 [red_sonja_temple_1, red_sonja_temple_small_1]

Skill      XL: |  1  2  3  4  5  6  7  8  9 |
---------------+----------------------------+-----
Fighting       | 5 7 9 11 13 14 15 | 15.3
Axes           | 5 7 10 12 13 15 16 | 16.1
Armour         | 3 4 5 6 7 9 10 | 10.0
Dodging        | 3 4 5 7 8 |  8.8

Action                   |  1- 3 |  4- 6 |  7- 9 || total
-------------------------+-------+-------+-------++-------
Melee: Hand axe          |     5 |    20 |    30 ||    55
       Headbutt          |     1 |     7 |     4 ||    12
Invok: Berserk           |     2 |     2 |     4 ||     8
       Brothers in Arms  |       |       |     1 ||     1
  Use: Potion            |       |     2 |     1 ||     3
Armor: Scale mail        |       |     2 |    22 ||    24
Dodge: Dodged            |     2 |     9 |    24 ||    35

Table legend: (Time is in decaauts)
 A = Elapsed time spent in this place.
 B = Non-inter-level travel time spent in this place.
 C = Inter-level travel time spent in this place.
 D = Time resting spent in this place.
 E = Time spent auto-exploring this place.
 F = Levels seen in this place.
 G = Mean time per level.
                   A        B        C        D        E       F      G
               +--------+--------+--------+--------+--------+-----+--------+
         Total |   1128 |   1128 |      0 |    850 |      1 |   1 | 1128.0 |
       Dungeon |   1128 |   1128 |      0 |    850 |      1 |   1 | 1128.0 |
               +--------+--------+--------+--------+--------+-----+--------+

Top non-repeatable levels by time:
       D: 1128 daAuts
